 Dungeon Crawl Stone Soup version 0.31-a0-997-g9a2f3ffc92 (webtiles) character file.

Game seed: 7168573282164547539

1868 Turgor the Changeling (level 8, 0/103 HPs)
             Began as a White Draconian Shapeshifter on Nov 7, 2023.
             Was an Initiate of Gozag.
             Slain by a yak (1 damage)
             ... on level 7 of the Dungeon.
             The game lasted 00:24:20 (6280 turns).

Turgor the Changeling (DrSh)                        Turns: 6280, Time: 00:24:20

Health: 0/103      AC: 24    Str: 16    XL:     8   Next: 90%
Magic:  0/8        EV:  2    Int: 11    God:    Gozag
Gold:   541        SH:  0    Dex: 13    Spells: 7/7 levels left

rFire   . .          .
                       - Unarmed
rCold   . . .        (no shield)
rNeg    + . .        (body armour unavailable)
rPois   +            (helmet currently unavailable)
rElec   .            (cloak currently unavailable)
rCorr   .            (gloves currently unavailable)
SInv    .            (boots currently unavailable)
Will    .....        r - amulet of guardian spirit
Stlth   +            m - ring of positive energy
HPRegen 0.37/turn    (no ring)
MPRegen 0.11/turn

%: guardian spirit
@: tree-form, gold aura
A: stationary, stasis, torment immunity, boosted hp, (breathe frost), AC +6,
unfitting armour, (cold resistance 1), (cold-blooded)
a: Renounce Religion, Potion Petition, Call Merchant, Bribe Branch


You were on level 7 of the Dungeon.
You worshipped Gozag.
Gozag was pleased with you.
You were a tree.
You visited 2 branches of the dungeon, and saw 8 of its levels.

You collected 595 gold pieces.
You paid 54 gold pieces to Gozag.

Inventory:

Missiles
 l - 8 poisoned darts (quivered)
Armour
 d - a +0 cloak
Jewellery
 m - a ring of positive energy (left branch)
 r - an amulet of guardian spirit (around neck)
 y - a ring of flight
Talismans
 b - a beast talisman
 c - a flux talisman
 g - a maw talisman
Wands
 F - a wand of roots (10)
Scrolls
 a - a scroll of fog {unknown}
 e - a scroll of immolation {unknown}
 h - a scroll of teleportation
 i - a scroll of revelation {unknown}
 q - a scroll of enchant weapon {unknown}
 v - a scroll of enchant armour {unknown}
 w - a scroll of noise {unknown}
 x - 2 scrolls of vulnerability {unknown}
 z - 2 scrolls of poison {unknown}
 A - a scroll of acquirement {unknown}
 B - a scroll of amnesia {unknown}
 D - 2 scrolls of identify
 G - a scroll of torment {unknown}
Potions
 f - a potion of heal wounds
 j - a potion of attraction
 k - 3 potions of curing
 n - a potion of cancellation
 o - 2 potions of mutation
 p - a potion of might
 s - a potion of haste
 t - 2 potions of enlightenment {unknown}
 u - 2 potions of resistance {unknown}
 C - a potion of ambrosia {unknown}
 E - a potion of lignification


   Skills:
 + Level 5.5 Fighting
 + Level 5.0 Dodging
 + Level 5.9 Unarmed Combat
 * Level 7.4 Shapeshifting


You had 7 spell levels left.
You didn't know any spells.
Your spell library contained the following spells:

 Spells                   Type           Power      Damage    Failure   Level
 Magic Dart               Conj           0%         1d3       34%         1
 Slow                     Hex            0%         N/A       34%         1
 Summon Small Mammal      Summ           0%         N/A       34%         1
 Call Imp                 Summ           0%         N/A       47%         2
 Call Canine Familiar     Summ           0%         N/A       71%         3
 Confusing Touch          Hex            0%         N/A       71%         3
 Inner Flame              Hex/Fire       0%         N/A       71%         3
 Mephitic Cloud           Conj/Pois/Air  0%         N/A       71%         3
 Sigil of Binding         Hex            0%         N/A       71%         3
 Summon Guardian Golem    Hex/Summ       0%         N/A       71%         3
 Vampiric Draining        Necr           0%         2d6       71%         3
 Flame Wave               Conj/Fire      0%         2d4       98%         4
 Sticky Flame             Conj/Fire      0%         2d3       98%         4


Dungeon Overview and Level Annotations

Branches:
Dungeon (7/15)             Temple (1/1) D:4

Altars:
Ashenzari
Cheibriados
Dithmenos
Fedhas
Gozag
Kikubaaqudgha
Makhleb
Nemelex Xobeh
Qazlal
Sif Muna
Uskayaw
Wu Jian
Xom
Yredelemnul
The Shining One

Annotations:
D:2 Natasha
D:3 Sigmund


Innate Abilities, Weirdness & Mutations

You are a tree.
Your roots penetrate the ground, keeping you stationary.
You cannot be teleported.
You are immune to unholy pain and torment.
Your maximum health is greatly increased.
Your equipment is partially melded.
((You can breathe waves of freezing cold which knock back foes.))
((Your icy white scales are hard. (AC +6)))
You cannot fit into any form of body armour.
((Your flesh is cold resistant. (rC+)))
((You are cold-blooded and may be slowed by cold attacks.))


Message History

The yak is moderately wounded.
The yak gores you!
* * * LOW HITPOINT WARNING * * *
The yak barely misses you.
You hit the yak.
The yak is moderately wounded.
The yak gores you but does no damage. x2
Unknown command.
You hit the yak but do no damage. Your punch misses the yak.
The yak is moderately wounded.
The yak gores you but does no damage. x2
You smack the yak!
The yak is severely wounded.
The yak gores you but does no damage. x2
You hit the yak.
The yak is severely wounded.
The yak gores you!
* * * LOW HITPOINT WARNING * * *
The yak gores you but does no damage.
You pummel the yak!!
You kill the yak!
The yak gores you but does no damage.
Your Dodging skill increases to level 5!
You smack the yak!
You punch the yak!
The yak is heavily wounded.
The yak barely misses you.
You smack the yak!
The yak is almost dead.
You hit the yak but do no damage.
The yak is almost dead.
The yak completely misses you.
You closely miss the yak.
The yak is almost dead.
The yak gores you.
* * * LOW HITPOINT WARNING * * *
You completely miss the yak.
The yak is almost dead.
The yak gores you.
You die...
Your body crumbles into a pile of gold.

#### #.........# ....
##.........## ####
............##### ...#
#..............### ...#
#.........####...#### ...#
#####.#.### #.#..... ...#
###...# ####.###... ...#
##$.[..# #....#...#. ...#
###.Y♣.### #....#.#### .###
#######...$#.# #...>#.# .#
#.......##.#.#####......# .#
#....#..$.)...........#.#
.#####..[.#Y###.#.#####....#.#
.##)........#...#.# #....#.#
.##.##....#...###.# #....#.#
....##....#Y### #.# #....#.#
..####.....Y# #.# #.##.#.#


You could see a yak.

Vanquished Creatures
  4 yaks (D:7)
  A steam dragon (D:6)
  A black bear (D:6)
  A sky beast (D:6)
  An ice beast (D:5)
  A centaur (D:6)
  An ogre (D:4)
  2 bullfrogs (D:6)
  2 scorpions
  4 hounds
  2 orc priests
  2 jellies (D:6)
  7 gnolls
  8 adders
  A white imp (D:6)
  A worm (D:2)
  2 dart slugs
  14 orcs
  3 bats
  11 endoplasms
  2 giant cockroaches
  7 goblins
  4 hobgoblins
  A quokka (D:1)
  8 ball pythons
  2 frilled lizards (D:1)
  2 kobolds
  4 rats
99 creatures vanquished.

Vanquished Creatures (others)
  An orc (D:6)
1 creature vanquished.

Grand Total: 100 creatures vanquished

Notes
Turn   | Place    | Note
-------+----------+-------------------------------------------
     0 | D:1      | Turgor the Draconian Shapeshifter began the quest for the
                  | Orb.
     0 | D:1      | Reached XP level 1. HP: 16/16 MP: 1/1
    79 | D:1      | You fall into a shaft and drop 1 floor!
   125 | D:2      | Reached XP level 2. HP: 23/23 MP: 2/2
   585 | D:1      | Reached XP level 3. HP: 28/29 MP: 3/3
  1581 | D:2      | Noticed Natasha
  1887 | D:3      | Reached XP level 4. HP: 36/36 MP: 4/4
  2156 | D:3      | Noticed Sigmund
  2174 | D:3      | Found a faded altar of an unknown god.
  2200 | D:3      | Reached skill level 4 in Shapeshifting
  2879 | D:4      | Reached XP level 5. HP: 34/42 MP: 3/5
  3048 | D:4      | Found a staircase to the Ecumenical Temple.
  3056 | Temple   | Entered the Ecumenical Temple
  3086 | Temple   | Became a worshipper of Gozag Ym Sagoz the Greedy
  3209 | D:4      | Noticed an ogre
  3218 | D:4      | Killed an ogre
  3432 | D:4      | Reached XP level 6. HP: 50/50 MP: 6/6
  3653 | D:5      | Entered Level 5 of the Dungeon
  3861 | D:5      | Found a shadowy altar of Dithmenos.
  4166 | D:5      | Noticed an ice beast
  4440 | D:5      | Killed an ice beast
  4441 | D:5      | Reached skill level 5 in Shapeshifting
  4578 | D:6      | Your scales start taking on an icy white colour.
  4578 | D:6      | Reached XP level 7. HP: 55/58 MP: 7/7
  4578 | D:6      | Gained mutation: Your flesh is cold resistant. (rC+) [White
                  | Draconian growth]
  5054 | D:6      | Noticed a steam dragon
  5058 | D:6      | Reached skill level 6 in Shapeshifting
  5320 | D:6      | Reached skill level 5 in Unarmed Combat
  5329 | D:6      | Reached XP level 8. HP: 55/67 MP: 6/8
  5669 | D:6      | Found a burning altar of Makhleb.
  5673 | D:6      | Found an ornate altar of the Wu Jian Council.
  5676 | D:6      | Found a shimmering blue altar of Sif Muna.
  6248 | D:7      | Reached skill level 5 in Fighting
  6260 | D:7      | Reached skill level 7 in Shapeshifting
  6274 | D:7      | HP: 3/103 [yak (8)]
  6276 | D:7      | Reached skill level 5 in Dodging
  6279 | D:7      | HP: 1/103 [yak (4)]
  6280 | D:7      | Slain by a yak

Illustrated notes

Levels and vault maps discovered:
D:1:      minmay_arrival_shattered_statue, layout_loops_ring,
          amcnicky_mini_pool_small, glass_columns_c, minivault_19
D:2:      layout_basic, serial_forest, infiniplex_forest_end_3,
          infiniplex_forest_lined_2, infiniplex_forest_clump_medium,
          infiniplex_forest_lined_room_3, infiniplex_forest_lined_corner,
          infiniplex_forest_lined_corner, infiniplex_forest_straight_4,
          infiniplex_forest_lined_room_2, kennysheep_generic_room_6,
          uniq_natasha
D:3:      layout_basic, chequers_ecumenical_altar_island, uniq_sigmund
D:4:      layout_gridville, minmay_temple_entry_enclosed_plants
D:5:      layout_basic, nicolae_dithmenos_the_darkroom
D:6:      layout_layer_cave, minmay_overflow_temple_star_quad
D:7:      layout_rooms, mainiacjoe_overflow_six_doors_small,
          mainiacjoe_overflow_concentric_impassable, uniq_jeremiah
Temple:   minmay_temple_curvy_loop

Skill      XL: |  1  2  3  4  5  6  7  8 |
---------------+-------------------------+-----
Dodging        | 2 3 4 5 |  5.0
Fighting       | 2 3 4 5 |  5.5
Shapeshifting  | 4 5 6 7 |  7.4
Unarmed Combat | 4 5 |  5.9

Action                     |  1- 3 |  4- 6 |  7- 9 || total
---------------------------+-------+-------+-------++-------
  Melee: Unarmed           |   112 |   143 |   114 ||   369
         Tailslap          |    16 |    12 |    15 ||    43
         Punch             |     2 |     1 |     7 ||    10
  Throw: Dart              |       |     4 |       ||     4
    Use: Scroll            |       |     7 |     1 ||     8
         Potion            |       |     2 |     1 ||     3
   Stab: Sleeping          |     1 |     1 |       ||     2
 Armour: Skin              |    29 |    86 |    98 ||   213
  Dodge: Dodged            |    51 |    68 |    62 ||   181

Table legend: (Time is in decaauts)
 A = Elapsed time spent in this place.
 B = Non-inter-level travel time spent in this place.
 C = Inter-level travel time spent in this place.
 D = Time resting spent in this place.
 E = Time spent auto-exploring this place.
 F = Levels seen in this place.
 G = Mean time per level.
                   A        B        C        D        E       F      G
               +--------+--------+--------+--------+--------+-----+--------+
         Total |   6256 |   5983 |    273 |    278 |   4265 |   8 |  782.0 |
       Dungeon |   6197 |   5981 |    216 |    278 |   4265 |   7 |  885.3 |
        Temple |     59 |      2 |     57 |      0 |      0 |   1 |   59.0 |
               +--------+--------+--------+--------+--------+-----+--------+

Top non-repeatable levels by time:
     D:6: 1493 daAuts
     D:3: 1076 daAuts
     D:4: 902 daAuts
     D:2: 877 daAuts
     D:5: 823 daAuts
     D:1: 794 daAuts
     D:7: 229 daAuts
  Temple: 59 daAuts
